 Dungeon Crawl Stone Soup version 0.28.0-53-g5a82cb258f (webtiles) character file.

Game seed: 11860451583152384809

46 melloss the Sneak (level 3, -2/18 HPs)
             Began as a Spriggan Brigand on June 2, 2022.
             Succumbed to a scorpion's poison
             ... on level 2 of the Dungeon.
             The game lasted 00:03:04 (951 turns).

melloss the Sneak (Spriggan Brigand)                 Turns: 951, Time: 00:03:04

Health: -2/18      AC:  3    Str: 11    XL:     3   Next: 44%
Magic:  4/4        EV: 18    Int: 14    God:
Gold:   45         SH:  0    Dex: 16    Spells: 2/2 levels left

rFire   x . .      SeeInvis +   n - +10 mace of Revolt {pain, rF- rC+ Str+4 Stlth+}
rCold   + . .      Faith    .   (no shield)
rNeg    . . .      Spirit   .   b - +0 robe
rPois   .          Reflect  .   (helmet restricted)
rElec   .          Harm     .   c - +0 cloak
rCorr   .          Rampage  .   (gloves unavailable)
Will    .....                   (boots unavailable)
Stlth   +++++.....              (no amulet)
HPRegen 0.06/turn               (no ring)
MPRegen 0.09/turn               (no ring)

@: lethally poisoned (-2 -> -19), very quick
A: very small, no large weapons, unfitting armour, see invisible, speed 3
a: no special abilities


You were on level 2 of the Dungeon.
You visited 1 branch of the dungeon, and saw 2 of its levels.

You collected 45 gold pieces.

Inventory:

Hand Weapons
 a - a +2 dagger
 n - the +10 mace of Revolt (weapon) {pain, rF- rC+ Str+4 Stlth+}
   (You found it on level 2 of the Dungeon)

   In the hands of one skilled in necromantic magic, it inflicts extra damage on
   living creatures.
   Str:       It affects your strength (+4).
   rF:        It makes you vulnerable to fire.
   rC:        It protects you from cold.
   Stlth:     It makes you more stealthy.
Missiles
 d - 8 poisoned darts (quivered)
 e - 2 curare-tipped darts
Armour
 b - a +0 robe (worn)
 c - a +0 cloak (worn)
Scrolls
 f - 2 scrolls of identify {unknown}
 g - a scroll of teleportation {unknown}
 i - a scroll of fear {unknown}
 l - a scroll of immolation {unknown}
 p - a scroll of holy word {unknown}
Potions
 h - 2 potions of might {unknown}
 j - a potion of brilliance {unknown}
 k - a potion of heal wounds {unknown}
 m - a potion of cancellation {unknown}
 o - a potion of curing {unknown}


   Skills:
 - Level 1.5 Fighting
 - Level 2.1 Short Blades
 - Level 2.0 Throwing
 + Level 3.3 Dodging
 + Level 7.0 Stealth


You had 2 spell levels left.
You didn't know any spells.
Your spell library was empty.

Dungeon Overview and Level Annotations

Branches:
Dungeon (2/15)

Altars:


Innate Abilities, Weirdness & Mutations

You are very small and have problems with some larger weapons.
You are too small for most types of armour.
You have supernaturally acute eyesight. (SInv)
You cover ground extremely quickly. (Speed+++)


Message History

You kill the goblin!
The quokka misses you.
You hit the quokka but do no damage. You punch the quokka.
The quokka is moderately wounded.
The quokka closely misses you. The quokka completely misses you.
You closely miss the quokka.
The quokka is moderately wounded.
The quokka misses you.
You barely miss the quokka.
The quokka is moderately wounded.
The quokka closely misses you. The quokka bites you.
You sock the quokka!
You kill the quokka!
A scorpion comes into view.
Your Stealth skill increases to level 7!
You see here 12 gold pieces.
You see here a scroll labelled EMAASCH LIMEBU.
The helpless rat fails to defend itself.
You hit the rat.
You kill the rat!
The scorpion barely misses you.
You barely miss the scorpion. The scorpion misses you. The scorpion stings you.
You are poisoned.
The scorpion poisons you!
You sock the scorpion!
The scorpion is heavily wounded.
You feel very sick. The scorpion barely misses you.
You sock the scorpion!
The scorpion is almost dead.
You feel sick. The scorpion closely misses you. x2
You barely miss the scorpion.
The scorpion is almost dead.
You feel sick. The scorpion stings you!
* * * LOW HITPOINT WARNING * * *
You are more poisoned.
The scorpion poisons you! The scorpion barely misses you.
You hit the scorpion.
You kill the scorpion!
You die...

##.# #.# #####... #.#
.....).# ##.##
####..... ...######
.......)##### #........
...........)# #..#####.
######$###.####..######
#?# #.†........... #@#
######.####### #†# #.#
#.. ..# #### ####


There were no monsters in sight!

Vanquished Creatures
  A scorpion (D:2)
  2 adders (D:2)
  3 ball pythons (D:1)
  3 bats (D:1)
  2 endoplasms (D:1)
  2 giant cockroaches (D:1)
  5 goblins
  A hobgoblin (D:2)
  3 quokkas
  A frilled lizard (D:2)
  3 kobolds
  4 rats
30 creatures vanquished.

Notes
Turn   | Place    | Note
-------+----------+-------------------------------------------
     0 | D:1      | melloss the Spriggan Brigand began the quest for the Orb.
     0 | D:1      | Reached XP level 1. HP: 10/10 MP: 2/2
    55 | D:1      | Reached skill level 6 in Stealth
    79 | D:1      | Found a faded altar of an unknown god.
   176 | D:1      | Reached XP level 2. HP: 14/14 MP: 3/3
   726 | D:2      | Identified the +10 mace of Revolt {pain, rF- rC+ Str+4
                  | Stlth+}
   742 | D:2      | Reached XP level 3. HP: 13/18 MP: 4/4
   942 | D:2      | Noticed a scorpion
   943 | D:2      | Reached skill level 7 in Stealth
   951 | D:2      | Killed a scorpion
   951 | D:2      | Succumbed to a scorpion's poison

Illustrated notes

Levels and vault maps discovered:
D:1:      lightli_arrival_flooded_house, layout_loops_cross,
          hellmonk_ecumenical_altar_heavens_door
D:2:      layout_loops_ring

Skill      XL: |  1  2  3 |
---------------+----------+-----
Stealth        | 6 7 |  7.0
Dodging        | 2 3 |  3.3
Fighting       | |  1.5
Short Blades   | |  2.1
Throwing       | |  2.0

Action                   || total
-------------------------++-------
Melee: Dagger            ||    26
       Mace              ||    21
       Punch             ||     2
 Stab: Sleeping          ||    20
Dodge: Dodged            ||    30
